 Dungeon Crawl Stone Soup version 0.27-a0-909-g0721f309d1 (webtiles) character file.

Game seed: 8557199285010417782

47 polve the Ruffian (level 3, -8/30 HPs)
             Began as a Draconian Transmuter on Apr 8, 2021.
             Was a Follower of Cheibriados.
             Mangled by a black bear (10 damage)
             ... on level 2 of the Dungeon.
             The game lasted 00:01:22 (987 turns).

polve the Ruffian (Draconian Transmuter)             Turns: 987, Time: 00:01:22

Health: -8/30      AC:  9    Str: 14    XL:     3   Next: 48%
Magic:  6/6        EV: 12    Int: 16    God:    Cheibriados [*.....]
Gold:   33         SH:  0    Dex: 13    Spells: 5/6 levels left

rFire    . . .     SeeInvis .     - Unarmed
rCold    . . .     Faith    .   (no shield)
rNeg     . . .     Spirit   .   (armour unavailable)
rPois    .         Reflect  .   (helmet restricted)
rElec    .         Harm     .   (no cloak)
rCorr    .         Rampage  .   (no gloves)
Will     .....                  (no boots)
Stlth    +.........             (no amulet)
HPRegen  0.10/turn              a - +4 ring of protection
MPRegen  0.10/turn              (no ring)

@: very slow
A: AC +5, unfitting armour, cold-blooded
a: Renounce Religion, Bend Time


You were on level 2 of the Dungeon.
You worshipped Cheibriados.
Cheibriados was aware of your devotion.
You visited 1 branch of the dungeon, and saw 2 of its levels.

You collected 33 gold pieces.

Inventory:

Jewellery
 a - a +4 ring of protection (left hand)
 e - an amulet of guardian spirit
Scrolls
 b - 3 scrolls of enchant weapon {unknown}
 c - a scroll of torment {unknown}
 g - a scroll of brand weapon {unknown}
Potions
 d - a potion of might {unknown}
 f - a potion of cancellation {unknown}


   Skills:
 + Level 2.7 Fighting
 - Level 1.7 Dodging
 + Level 3.8 Unarmed Combat
 - Level 2.0 Spellcasting
 - Level 2.0 Transmutations


You had 5 spell levels left.
You knew the following spells:

 Your Spells              Type           Power      Damage    Failure   Level
a - Beastly Appendage     Tmut           16%        N/A       9%          1

Your spell library contained the following spells:

 Spells                   Type           Power      Damage    Failure   Level
 Wereblood                Tmut           8%         N/A       14%         2
 Spider Form              Tmut/Pois      2%         N/A       38%         3
 Ice Form                 Ice/Tmut       4%         N/A       80%         4
 Hydra Form               Tmut           4%         N/A       94%         5


Dungeon Overview and Level Annotations

Branches:
Dungeon (2/15)

Altars:
Cheibriados


Innate Abilities, Weirdness & Mutations

Your plain brown scales are hard. (AC +5)
You cannot fit into any form of body armour.
You are cold-blooded and may be slowed by cold attacks.


Message History

You hit the black bear but do no damage.
Your kick misses the black bear.
Your tail-slap misses the black bear.
The bat closely misses you. The black bear bites you.
* * * LOW HITPOINT WARNING * * *
The black bear claws you but does no damage.
The black bear misses you.
You hit the black bear.
The black bear is lightly wounded.
The bat hits you but does no damage.
You hit the black bear but do no damage.
You claw the black bear.
You tail-slap the black bear, but do no damage.
The black bear is moderately wounded.
The bat closely misses you. The black bear bites you.
* * * LOW HITPOINT WARNING * * *
The black bear closely misses you.
The black bear claws you but does no damage.
An adder comes into view.
You completely miss the black bear. You headbutt the black bear.
The black bear is heavily wounded.
The bat hits you but does no damage. The bat barely misses you.
The black bear bites you but does no damage.
The black bear claws you but does no damage.
The black bear barely misses you.
You hit the black bear.
The black bear is severely wounded.
The black bear bites you.
* * * LOW HITPOINT WARNING * * *
The black bear closely misses you. x2
You barely miss the black bear.
You claw the black bear, but do no damage.
You headbutt the black bear.
The black bear is almost dead.
Your horns disappear.
Your talons disappear.
The black bear goes berserk!
You closely miss the black bear.
You tail-slap the black bear, but do no damage.
The black bear is almost dead.
The black bear bites you!
You die...

####### .....####
.....># #
###.##.##.###
#####..bh@...S...
........##.##.###
#####......<#
#.#.##.†#
#.......#
###.##†##
...........#
###.#...##.#
#.#.... #


You could see a black bear (berserk), an adder and a bat.

Vanquished Creatures
  2 adders (D:2)
  A dart slug (D:1)
  An endoplasm (D:1)
  3 goblins (D:1)
  A hobgoblin (D:2)
  5 jackals (D:1)
  A kobold (D:1)
  A quokka (D:1)
  6 ball pythons (D:1)
  A frilled lizard (D:1)
  6 rats (D:1)
28 creatures vanquished.

Notes
Turn   | Place    | Note
-------+----------+-------------------------------------------
     0 | D:1      | polve the Draconian Transmuter began the quest for the Orb.
     0 | D:1      | Reached XP level 1. HP: 16/16 MP: 3/3
   128 | D:1      | Reached XP level 2. HP: 11/24 MP: 5/5
   722 | D:1      | Found a faded altar of an unknown god.
   741 | D:1      | Became a worshipper of Cheibriados the Contemplative
   741 | D:1      | Reached * piety under Cheibriados
   952 | D:2      | Reached XP level 3. HP: 27/30 MP: 6/6
   960 | D:2      | Noticed a black bear
   987 | D:2      | Mangled by a black bear

Illustrated notes

Levels and vault maps discovered:
D:1:      saegor_arrival_under_anarchy, layout_rooms, basic_ecumenical_altar
D:2:      layout_basic, wander_ebering_terrifying_dragon_lair

Skill      XL: |  1  2 |
---------------+-------+-----
Fighting       | 2 |  2.7
Dodging        | |  1.7
Unarmed Combat | |  3.8
Spellcasting   | |  2.0
Transmutations | |  2.0

Action                   || total
-------------------------++-------
Melee: Unarmed           ||   127
       Tailslap          ||     6
       Kick              ||     3
       Headbutt          ||     2
 Cast: Beastly Appendage ||     2
 Stab: Distracted        ||     1
       Sleeping          ||     1
Armor: Skin              ||    63
Dodge: Dodged            ||   103

Table legend: (Time is in decaauts)
 A = Elapsed time spent in this place.
 B = Non-inter-level travel time spent in this place.
 C = Inter-level travel time spent in this place.
 D = Time resting spent in this place.
 E = Time spent auto-exploring this place.
 F = Levels seen in this place.
 G = Mean time per level.
                   A        B        C        D        E       F      G
               +--------+--------+--------+--------+--------+-----+--------+
         Total |   1050 |   1038 |     12 |      0 |    793 |   2 |  525.0 |
       Dungeon |   1050 |   1038 |     12 |      0 |    793 |   2 |  525.0 |
               +--------+--------+--------+--------+--------+-----+--------+

Top non-repeatable levels by time:
     D:1: 998 daAuts
     D:2: 51 daAuts
